 Dungeon Crawl Stone Soup version 0.23.0-33-g5e6c059 (webtiles) character file.

Game seed: 11507280555387579727

63 redwoodhats the Conjurer (level 4, 0/24 HPs)
             Began as a Kobold Conjurer on Feb 26, 2019.
             Slain by Terence
             ... wielding a +2 flail of protection
              (4 damage)
             ... on level 2 of the Dungeon.
             The game lasted 00:17:48 (2912 turns).

redwoodhats the Conjurer (Kobold Conjurer)          Turns: 2912, Time: 00:17:48

Health: 0/24       AC:  5    Str:  9    XL:     4   Next: 31%
Magic:  0/8        EV: 15    Int: 17    God:
Gold:   53         SH:  0    Dex: 15    Spells: 2/8 levels left

rFire    . . .     SeeInvis .   r - -2 hand axe (curse)
rCold    . . .     Gourm    .   (shield restricted)
rNeg     . . .     Faith    .   a - +0 robe
rPois    .         Spirit   .   f - +0 helmet
rElec    .         Reflect  .   (no cloak)
rCorr    .         Harm     .   j - +0 pair of gloves
MR       .....                  i - +0 pair of boots
Stlth    +++.......             (no amulet)
HPRegen  0.08/turn              e - +4 ring of strength
MPRegen  0.11/turn              (no ring)

@: no status effects
A: small, carnivore
a: no special abilities


You were on level 2 of the Dungeon.
You were hungry.

You visited 1 branch of the dungeon, and saw 3 of its levels.

You collected 53 gold pieces.

Inventory:

Hand Weapons
 b - a +0 dagger
 l - a +0 rapier
 r - a cursed -2 hand axe (weapon)
Armour
 a - a +0 robe (worn)
 f - a +0 helmet (worn)
 i - a +0 pair of boots (worn)
 j - a +0 pair of gloves (worn)
Jewellery
 e - a +4 ring of strength (left hand)
Scrolls
 d - 4 scrolls of identify
 g - a scroll of enchant armour
Potions
 c - a potion of brilliance
 o - a potion of haste
Comestibles
 s - a ration


   Skills:
 + Level 0.6 Fighting
 + Level 1.7 Short Blades
 + Level 2.8 Dodging
 + Level 3.7 Stealth
 + Level 2.7 Spellcasting
 + Level 4.4 Conjurations


You had 2 spell levels left.
You knew the following spells:

 Your Spells              Type           Power        Failure   Level  Hunger
a - Magic Dart            Conj           ###.         3%          1    #......
b - Dazzling Spray        Conj/Hex       #.....       22%         3    ###....
c - Searing Ray           Conj           ###...       4%          2    ##.....

Your spell library contained the following spells:

 Spells                   Type           Power        Failure   Level  Hunger
 Iskenderun's Mystic Bla  Conj           ###.....     28%         4    #####..
 Force Lance              Conj/Tloc      #.......     58%         4    #####..
 Fulminant Prism          Conj/Hex       #.........   58%         4    #####..


Dungeon Overview and Level Annotations

Branches:
Dungeon (3/15)

Altars:
Elyvilon
Gozag
Kikubaaqudgha
Vehumet
Wu Jian
Zin

Annotations:
D:2 Terence
D:3 3 runed translucent doors, Natasha; kalagan's ghost, amateur DEEE


Innate Abilities, Weirdness & Mutations

You are small and have problems with some larger weapons.
You are carnivorous and can eat meat at any time.


Message History

Confirm with . or Enter, or press ? or * to list all spells.
Aiming: Magic Dart (safe; 3% risk of failure)
Press: ? - help, Shift-Dir - straight line, f/p - Terence
Aim: Terence, wielding a +2 flail of protection and wearing a +0 scale mail (heavily wounded, blind)
The magic dart hits Terence but does no damage.
Terence is heavily wounded.
Terence closely misses you.
Casting: Magic Dart (safe; 3% risk of failure)
Confirm with . or Enter, or press ? or * to list all spells.
Aiming: Magic Dart (safe; 3% risk of failure)
Press: ? - help, Shift-Dir - straight line, f/p - Terence
Aim: Terence, wielding a +2 flail of protection and wearing a +0 scale mail (heavily wounded, blind)
The magic dart hits Terence.
Terence is heavily wounded.
Terence hits you with a +2 flail of protection.
* * * LOW HITPOINT WARNING * * *
You closely miss Terence.
Terence is heavily wounded.
Terence hits you with a +2 flail of protection.
You die...

#.##############.###########.#
#............................#
################.################
#.# #............. #.#
#.###########. #.# #.# #. #.# #.#
#. #.# #.# #. #@# #.# #. #@# #.#
#. #.# #.# ## #.# #.# #.# #.#
#.###.# #.....# #######


You could see Terence (blind).

Vanquished Creatures
  Natasha (D:3)
  An adder (D:2)
  An ooze (D:3)
  A worm (D:2)
  A dart slug (D:2)
  2 giant cockroaches
  3 goblins
  3 hobgoblins
  A kobold (D:3)
  A quokka (D:3)
  A bat (D:3)
  4 frilled lizards
  3 rats
23 creatures vanquished.

Notes
Turn   | Place    | Note
-------+----------+-------------------------------------------
     0 | D:1      | redwoodhats the Kobold Conjurer began the quest for the
                  | Orb.
     0 | D:1      | Reached XP level 1. HP: 10/10 MP: 3/3
  1368 | D:2      | Reached XP level 2. HP: 15/15 MP: 3/5
  1404 | D:2      | Reached skill level 1 in Short Blades
  1643 | D:2      | Reached XP level 3. HP: 19/19 MP: 0/6
  2244 | D:3      | Learned a level 3 spell: Dazzling Spray
  2249 | D:3      | Learned a level 2 spell: Searing Ray
  2345 | D:3      | Found a runed translucent gate.
  2345 | D:3      | Found a runed translucent gate.
  2348 | D:3      | Found a runed translucent gate.
  2349 | D:3      | Found an opulent altar of Gozag.
  2350 | D:3      | Noticed kalagan's ghost (amateur DEEE)
  2409 | D:3      | Noticed Natasha
  2416 | D:3      | Killed Natasha
  2416 | D:3      | Reached XP level 4. HP: 24/24 MP: 2/8
  2425 | D:3      | Found an ancient bone altar of Kikubaaqudgha.
  2431 | D:3      | Found a white marble altar of Elyvilon.
  2431 | D:3      | Found an ornate altar of the Wu Jian Council.
  2432 | D:3      | Found a glowing silver altar of Zin.
  2433 | D:3      | Found a radiant altar of Vehumet.
  2489 | D:3      | Noticed Natasha
  2666 | D:3      | Noticed Terence
  2912 | D:2      | Slain by Terence

Skill      XL: |  1  2 |
---------------+-------+-----
Stealth        | 3 |  3.7
Short Blades   | 1 |  1.7
Fighting       | |  0.6
Dodging        | |  2.8
Spellcasting   | |  2.7
Conjurations   | |  4.4

Action                   |  1- 3 |  4- 6 || total
-------------------------+-------+-------++-------
Melee: Dagger            |    24 |       ||    24
       Rapier            |    25 |     6 ||    31
       Hand axe          |       |    24 ||    24
 Cast: Magic Dart        |    32 |     4 ||    36
       Dazzling Spray    |     2 |     5 ||     7
       Searing Ray       |     2 |     4 ||     6
  Use: Potion            |       |     5 ||     5
       Scroll            |       |     4 ||     4
 Stab: Sleeping          |     3 |       ||     3
  Eat: Ration            |     2 |       ||     2
       Chunk             |     1 |     2 ||     3
Armor: Robe              |    10 |       ||    10
       Skin              |       |     9 ||     9
Dodge: Dodged            |    45 |    27 ||    72
